Map: Troizinia LE

Players

HunterArmy

  • Race: Terran Terran
  • League: Platinum
  • Spawn Location: 12:00

Ice

  • Race: Protoss Protoss
  • League: Diamond
  • Spawn Location: 11:00

Hackeru

  • Race: Zerg Zerg
  • League: Platinum
  • Spawn Location: 9:00

ZaLmOxIs

  • Race: Protoss Protoss
  • League: Platinum
  • Spawn Location: 11:00

Beastyqt - Winner!

  • Race: Protoss Protoss
  • League: Grandmaster
  • Spawn Location: 5:00

TurkeyDano - Winner!

  • Race: Protoss Protoss
  • League: Master
  • Spawn Location: 5:00

printf - Winner!

  • Race: Protoss Protoss
  • Spawn Location: 3:00

llllllllllll - Winner!

  • Race: Protoss Protoss
  • League: Master
  • Spawn Location: 6:00

VOD

Have the link to the VOD?

Description

Time

  • Played on: Jan. 13, 2019, 3:14 p.m.
  • Length: 7:50
Show
View Real Time Build Order
Export as new Build Order

HunterArmy Terran 

Build Orders:  

Get SALT Encoding   

  12  0:02  SCV  
  13  0:14  SCV  
  14  0:26  SCV, Supply Depot  
  15  0:31  Refinery  
  15  0:48  SCV  
  15  0:49  Barracks  
  16  1:00  SCV  
  17  1:08  Supply Depot  
  17  1:21  SCV  
  18  1:34  SCV  
  18  1:53  Bunker  
  18  1:54  Marine  
  14  2:50  Barracks Reactor  
  14  2:51  Refinery  
  14  2:52  Factory  
  14  2:54  SCV  
  15  3:09  Orbital Command  
  15  3:29  Marine x2  
  15  3:33  Bunker  
  17  3:36  Factory Tech Lab  
  17  3:47  Supply Depot  
  17  4:09  Siege Tank  
  19  4:21  Marine x2  
  21  5:23  Marine, Supply Depot  
  22  5:37  Engineering Bay  
  22  5:42  Siege Tank  
  16  6:14  Siege Tank  
  17  6:33  SCV  
  18  6:45  SCV  
  13  6:57  SCV  
Show
View Real Time Build Order
Export as new Build Order

Ice Protoss 

Build Orders:  

Get SALT Encoding   

  12  0:01  Probe  
  14  0:14  Probe  
  14  0:22  Pylon  
  14  0:32  Probe  
  15  0:45  Gateway  
  15  1:04  Assimilator  
  15  1:06  Assimilator  
  15  1:23  Pylon  
  15  1:33  Cybernetics Core  
  15  1:35  Probe  
Show
View Real Time Build Order
Export as new Build Order

Hackeru Zerg 

Build Orders: Pool First 

Get SALT Encoding   

  12  0:02  Drone  
  13  0:08  Extractor  
  12  0:22  Drone  
  13  0:32  Spawning Pool  
  13  0:33  Drone  
  13  0:52  Drone  
  14  0:58  Extractor, Drone  
  15  1:17  Overlord  
  15  1:37  Metabolic Boost  
  15  1:38  Zergling x6  
  18  1:55  Drone  
  18  2:01  Hatchery  
  18  2:22  Zergling x6  
  21  2:43  Zergling x2  
  20  2:56  Zergling x4  
  22  3:10  Overlord  
  22  3:40  Zergling x6  
  25  3:55  Zergling x2  
  26  3:59  Zergling x6  
  26  4:01  Queen  
  31  4:02  Queen  
  27  4:26  Zergling x8  
  27  4:27  Zergling x2  
  30  4:44  Zergling x6  
  19  5:16  Drone x6  
  18  5:29  Zergling x4  
  14  5:41  Zergling x4  
  13  5:48  Zergling x2  
  13  5:49  Zergling x2  
  15  5:55  Zergling x2  
  15  5:56  Zergling x4  
  17  6:05  Zergling x4  
  13  6:21  Drone x6  
  15  6:30  Drone  
  15  6:31  Drone  
  17  6:41  Drone  
  18  6:49  Drone  
  19  7:00  Spore Crawler x2  
  6  7:25  Drone x2  
  6  7:26  Drone x7  
  15  7:33  Spore Crawler  
Show
View Real Time Build Order
Export as new Build Order

ZaLmOxIs Protoss 

Build Orders: Cannon Rush, Double Forge 

Get SALT Encoding   

  12  0:01  Probe  
  13  0:16  Pylon  
  13  0:18  Probe  
  14  0:26  Probe  
  14  0:34  Probe  
  15  0:41  Forge  
  16  0:45  Probe  
  17  0:57  Gateway, Probe  
  18  1:05  Probe  
  19  1:13  Probe  
  20  1:19  Photon Cannon  
  20  1:27  Photon Cannon  
  20  1:45  Pylon  
  20  1:55  Photon Cannon  
  20  1:57  Pylon  
  20  2:20  Photon Cannon  
  20  2:23  Photon Cannon  
  20  2:24  Photon Cannon  
  20  2:59  Gateway  
  20  3:03  Assimilator  
  20  3:07  Assimilator  
  20  3:17  Nexus  
  19  3:32  Forge  
  19  3:48  Pylon  
  19  3:49  Probe  
  20  3:57  Probe  
  21  4:07  Pylon, Probe  
  22  4:19  Cybernetics Core  
  6  5:16  Nexus  
  6  6:39  Stalker  
Show
View Real Time Build Order
Export as new Build Order

Beastyqt Protoss - Winner!

Build Orders: Cannon Rush 

Get SALT Encoding   

  12  0:01  Probe  
  13  0:13  Probe  
  14  0:17  Pylon  
  14  0:26  Probe  
  15  0:37  Forge  
  15  0:38  Probe  
  16  0:50  Probe  
  17  1:02  Probe  
  18  1:11  Pylon  
  18  1:31  Photon Cannon  
  18  1:33  Photon Cannon x2  
  18  1:35  Probe  
  19  1:40  Pylon  
  19  2:03  Pylon, Photon Cannon  
  19  2:05  Probe  
  20  2:17  Probe  
  20  2:21  Photon Cannon  
  20  2:36  Photon Cannon  
  20  2:37  Photon Cannon  
  20  2:41  Photon Cannon x2  
  20  2:51  Photon Cannon  
  20  2:57  Pylon  
  20  3:06  Gateway  
  20  3:11  Probe  
  21  3:13  Assimilator  
  21  3:17  Assimilator  
  21  3:24  Probe  
  22  3:28  Photon Cannon  
  22  3:45  Probe  
  22  3:46  Pylon  
  23  4:04  Probe  
  23  4:08  Cybernetics Core  
  24  4:10  Photon Cannon x2  
  23  4:34  Photon Cannon  
  8  4:56  Probe  
  9  5:08  Probe  
  10  5:17  Probe  
  11  5:25  Probe  
  12  5:41  Robotics Facility  
  12  5:43  Probe  
  13  5:56  Probe  
  14  6:05  Probe  
  14  6:06  Robotics Facility  
  14  6:08  Pylon  
  15  6:13  Probe  
  16  6:22  Probe  
  16  6:34  Probe  
  16  6:35  Immortal  
  21  6:50  Probe  
  22  6:58  Warp Prism  
  22  7:02  Probe  
  23  7:14  Probe  
  26  7:29  Probe  
Show
View Real Time Build Order
Export as new Build Order

TurkeyDano Protoss - Winner!

Build Orders: Oracle Opening 

Get SALT Encoding   

  12  0:01  Probe  
  13  0:13  Probe  
  14  0:17  Pylon  
  14  0:23  Probe  
  15  0:31  Probe  
  16  0:39  Probe  
  16  0:40  Forge  
  17  0:51  Probe  
  18  1:13  Pylon  
  18  1:15  Pylon  
  18  1:16  Pylon x2  
  18  1:23  Pylon  
  18  1:31  Pylon  
  18  1:34  Photon Cannon  
  18  1:37  Gateway  
  18  1:38  Pylon  
  18  1:46  Pylon  
  18  1:47  Probe  
  18  1:51  Gateway  
  19  1:55  Assimilator  
  19  1:59  Probe  
  19  2:11  Probe  
  19  2:12  Photon Cannon  
  19  2:14  Pylon  
  20  2:18  Photon Cannon  
  20  2:20  Photon Cannon  
  20  2:27  Probe  
  21  2:33  Photon Cannon  
  20  2:39  Probe  
  20  2:42  Cybernetics Core  
  21  2:51  Probe  
  22  2:56  Pylon  
  22  3:00  Assimilator  
  22  3:03  Probe  
  23  3:15  Probe  
  24  3:25  Stargate  
  24  3:28  Zealot  
  24  3:32  Photon Cannon  
  24  3:36  Pylon  
  24  3:39  Warp Gate  
  24  3:40  Probe  
  27  3:54  Zealot  
  28  3:57  Photon Cannon  
  28  3:58  Oracle  
  28  3:59  Photon Cannon  
  28  4:06  Probe  
  32  4:19  Probe  
  32  4:22  Pylon  
  33  4:25  Oracle  
  33  4:31  Probe  
  37  4:43  Probe  
  38  5:05  Oracle  
  38  5:09  Probe  
  42  5:21  Probe  
  40  5:22  Zealot  
  40  5:26  Shield Battery  
  42  5:29  Gateway x2  
  42  5:41  Probe  
  43  5:46  Oracle  
  43  5:53  Probe  
  47  6:04  Nexus  
  47  6:20  Nexus  
  47  6:30  Pylon  
  47  6:32  Pylon  
  47  6:34  Pylon  
  47  6:48  Probe  
  47  6:53  Oracle  
  47  6:54  Nexus  
  48  7:00  Probe  
  52  7:19  Stalker, Probe  
  52  7:20  Stalker x2  
  59  7:35  Probe  
Show
View Real Time Build Order
Export as new Build Order

printf Protoss - Winner!

Build Orders:  

Get SALT Encoding   

  1  0:00  Probe  
  12  0:06  Probe  
  14  0:18  Pylon  
  14  0:20  Probe  
  15  0:36  Probe  
  15  0:38  Forge  
  16  0:48  Probe  
  17  1:06  Pylon  
  17  1:10  Pylon  
  17  1:12  Pylon  
  17  1:25  Photon Cannon  
  17  1:29  Probe  
  18  1:41  Pylon  
  18  1:42  Probe  
  18  1:44  Photon Cannon  
  19  1:54  Probe  
  20  1:59  Assimilator  
  20  2:01  Photon Cannon  
  20  2:08  Photon Cannon  
  20  2:10  Gateway  
  20  2:12  Probe  
  21  2:18  Assimilator  
  21  2:25  Probe  
  22  2:33  Gateway  
  22  2:34  Assimilator  
  22  2:37  Probe  
  23  2:49  Probe  
  24  3:02  Cybernetics Core, Probe  
  25  3:14  Probe  
  25  3:19  Pylon  
  26  3:26  Photon Cannon, Probe  
  27  3:29  Stalker x2  
  27  3:38  Probe  
  32  3:41  Robotics Facility  
  32  3:44  Warp Gate  
  32  3:46  Shield Battery  
  32  3:50  Probe  
  33  3:58  Stalker  
  33  4:02  Stalker  
  37  4:22  Photon Cannon  
  37  4:28  Stalker  
  39  4:35  Warp Prism  
  39  4:37  Probe  
  40  4:45  Stalker  
  44  4:48  Pylon  
  44  5:03  Immortal  
  44  5:08  Stalker  
  50  5:27  Probe  
  51  5:41  Probe  
  52  5:53  Probe  
  53  5:59  Stalker  
  55  6:05  Immortal  
  55  6:07  Pylon  
  55  6:10  Stalker  
  53  6:19  Probe  
  52  6:34  Stalker x2  
  52  6:39  Immortal  
  60  7:06  Stalker  
  58  7:23  Stalker  
  58  7:25  Probe  
  58  7:29  Gateway  
  61  7:32  Stalker  
Show
View Real Time Build Order
Export as new Build Order

llllllllllll Protoss - Winner!

Build Orders:  

Get SALT Encoding   

  12  0:01  Probe  
  13  0:14  Probe  
  14  0:20  Pylon  
  14  0:26  Probe  
  15  0:39  Probe  
  15  0:41  Assimilator  
  16  0:48  Probe  
  16  0:56  Probe  
  18  1:05  Probe  
  19  1:14  Probe  
  20  1:22  Probe  
  20  1:31  Probe  
  22  1:52  Probe  
  23  2:03  Probe  
  23  2:23  Probe  
  23  2:30  Pylon  
  23  2:48  Probe  
  21  3:00  Probe  
  21  3:12  Probe  
  18  3:22  Gateway  
  18  3:23  Gateway  
  18  3:24  Probe  
  16  3:29  Forge  
  14  3:37  Probe  
  14  4:04  Nexus  
  2  5:36  Probe  
  3  6:08  Probe  
  4  6:30  Probe  
  5  6:45  Probe  
  6  6:58  Probe  
  7  7:09  Probe  
  8  7:18  Probe  
  9  7:26  Probe  
  9  7:36  Probe  
  10  7:40  Pylon  
Tags
 
Add a new tag
Caveats
  • Supply blocks, unpowered buildings, or Contaminate may cause inaccurate times.
  • Supply counts are checked every 10 seconds.